 Dungeon Crawl Stone Soup version 0.19.3-4-gbf9329e (console) character file.

87692 Kloppie the Severer (level 15, -5/126 HPs)
             Began as a Demonspawn Berserker on Jan 29, 2017.
             Was the Champion of Trog.
             Killed from afar by an ogre mage (30 damage)
             ... with a bolt of cold
             ... on level 15 of the Dungeon.
             The game lasted 00:41:38 (24440 turns).

Kloppie the Severer (Demonspawn Berserker)         Turns: 24440, Time: 00:41:38

Health: -5/126     AC: 36    Str: 23    XL:     15   Next: 44%
Magic:  4/4        EV: 16    Int: 10    God:    Trog [******]
Gold:   1659       SH:  6    Dex: 19    Spells: 0 memorised, 14 levels left

rFire  . . .     SeeInvis .     a - +5 broad axe (antimagic)
rCold  . . .     Gourm    .     D - +8 plate armour of Dawn {+Inv Dex+2}
rNeg   + . .     Faith    .     r - +0 buckler
rPois  .         Spirit   .     v - +0 helmet
rElec  .         Reflect  .     l - +2 cloak
rCorr  .         Harm     .     E - +1 pair of gloves {archery}
MR     +++..                    m - +0 pair of boots
Stlth  ..........               (no amulet)
                                O - +6 ring of evasion
                                J - ring of positive energy

@: mighty, lethally poisoned (-5 -> -5), exhausted, regenerating, slowed, very
slow
A: talons 2, slimy green scales 2, foul stench 1, low mp 1, powered by pain 2,
rot immunity
a: Berserk, Trog's Hand, Brothers in Arms, Burn Spellbooks, Renounce Religion,
Evoke Invisibility


You were on level 15 of the Dungeon.
You worshipped Trog.
Trog was exalted by your worship.
You were near starving.

You visited 3 branches of the dungeon, and saw 23 of its levels.
You also visited: Sewer.

You collected 2199 gold pieces.
You spent 540 gold pieces at shops.

Inventory:

Hand Weapons
 a - a +5 antimagic broad axe (weapon)
 b - a +2 demon whip of electrocution
 M - a +5 war axe of chopping
 P - a +5 battleaxe of chopping
 Q - a +1 vampiric executioner's axe
Armour
 l - a +2 cloak (worn)
 m - a +0 pair of boots (worn)
 r - a +0 buckler (worn)
 v - a +0 helmet (worn)
 D - the +8 plate armour of Dawn (worn) {+Inv Dex+2}
   (You found it on level 6 of the Lair of Beasts)

   It affects your dexterity (+2).
   It lets you turn invisible.
 E - a +1 pair of gloves of archery (worn)
Jewellery
 s - an uncursed ring of ice
 F - an uncursed ring of magical power
 H - an uncursed ring of magical power
 J - a ring of positive energy (left hand)
 O - a +6 ring of evasion (right hand)
 R - an uncursed amulet of faith
Wands
 y - a wand of slowing (17/48)
 z - a wand of digging (20/24)
Scrolls
 d - 14 scrolls of remove curse
 e - 2 scrolls of fog
 f - a scroll of blinking
 p - a scroll of recharging
 q - 3 scrolls of teleportation
 t - 4 scrolls of magic mapping
 w - 4 scrolls of identify
 x - 3 scrolls of fear
Potions
 g - 2 potions of cancellation
 i - 2 potions of magic
 k - 3 potions of lignification
 o - 3 potions of flight
 A - 2 potions of curing
 C - a potion of haste
 G - a potion of might
 I - a potion of agility
 K - 4 potions of ambrosia
 L - 3 potions of heal wounds
 N - a potion of resistance
Comestibles
 c - 14 bread rations
 j - 19 fruits
 n - 13 slices of pizza
 u - 3 meat rations
 B - 2 beef jerkies


   Skills:
 + Level 14.0 Fighting
 - Level 16.2 Axes
 - Level 13.2 Armour
 - Level 4.9 Dodging
 - Level 4.0 Shields


You had 14 spell levels left.
You didn't know any spells.

Dungeon Overview and Level Annotations

Branches:
Dungeon (15/15)            Temple (0/1) D:5            Lair (6/6) D:9
 Shoals (0/4) Lair:3        Snake (0/4) Lair:2        Slime (0/5) Lair:6
    Orc (2/2) D:12            Elf (0/3) Orc:2        Vaults (0/5) D:13
 Depths: D:15

Altars:
Cheibriados
Elyvilon
Kikubaaqudgha
Makhleb
Nemelex Xobeh
Okawaru
Qazlal
Sif Muna
Trog
Beogh
Jiyva

Shops:
D:8 [   Orc:2 *:!?

Annotations:
D:15 Harold, Louise, Urug
Lair:6 1 runed door


Innate Abilities, Weirdness & Mutations

You have razor-sharp toenails.
You are mostly covered in slimy green scales. (AC +3)
You may emit foul miasma when damaged in melee.
You sometimes gain power by taking damage.
You are immune to rotting.
Your magical capacity is low. (-10% MP)


Message History

You struggle against the net.
You feel sick.
Two slime creatures merge to form a large slime creature.
The hell knight hits you with an enchanted battleaxe!
* * * LOW HITPOINT WARNING * * *
Louise barely misses you. Harold hits you but does no damage.
You are more poisoned.
You struggle against the net.
Your surroundings suddenly seem different.
You feel sick.
An ogre mage comes into view. It is wielding a flail.
The ogre mage shouts!
An ogre comes into view. It is wielding a giant club.
The ogre shouts!
An ogre comes into view. It is wielding a giant club.
The ogre shouts!
A two-headed ogre comes into view. It is wielding two giant clubs.
The two-headed ogre shouts in stereo!
The ogre mage gestures at you while chanting.
The bolt of cold hits you!
You die...

#..## ....
... #..###
....# ...#
####..###.(#
#...@....O..
#.........O.
######O.#O##
..O. .### ##


You could see an ogre mage, a two-headed ogre and 3 ogres.

Vanquished Creatures
  Saint Roka (Orc:2)
  Rupert (D:14)
  Frances (D:14)
  Gastronok (Lair:2)
  A dire elephant (Lair:6)
  The ghost of TheMardin the Severer, a journeyman HOFi of Beogh (Orc:2)
  The ghost of Peloso the Carver, a journeyman MiFi of Okawaru (D:12)
  The ghost of Blank the Cruncher, a journeyman MiGl (Lair:3)
  A centaur warrior (D:15)
  4 hydras
  A catoblepas (D:14)
  2 dancing weapons (D:13)
  A merfolk avatar (Lair:6)
  5 orc high priests
  The ghost of loom the Destroyer, a novice DECj (D:7)
  An unseen horror (shapeshifter) (D:14)
  An unseen horror (D:11)
  A wizard (D:14)
  Pikel (D:9)
  A wolf spider zombie (D:14)
  A harpy (Lair:6)
  6 orc knights
  3 hill giants
  5 orc sorcerers
  2 ugly things
  4 cyclopes
  2 centaur zombies (D:15)
  9 elephants
  5 manticores
  5 black mambas
  Psyche (D:8)
  4 gargoyles
  5 rime drakes
  12 spiny frogs
  A redback zombie (D:14)
  14 komodo dragons
  A kobold demonologist (D:14)
  3 polar bears (Lair:6)
  7 trolls
  5 two-headed ogres
  2 hornets (Lair:6)
  A wind drake (Lair:6)
  9 hippogriffs
  15 blink frogs
  11 dream sheep
  A shadow (D:11)
  5 wyverns
  A wraith (D:11)
  A vampire (D:10)
  4 hogs (D:7)
  55 yaks
  A human (D:7)
  A mottled dragon (D:13)
  A hungry ghost (D:9)
  3 basilisks
  2 wargs (Orc:2)
  3 vampire mosquitoes (D:12)
  13 water moccasins
  11 porcupines
  A black bear (Lair:3)
  4 ice beasts
  5 sky beasts
  2 slaves (D:9)
  38 orc warriors
  A hornet zombie (D:13)
  2 phantoms
  2 necrophages
  8 wolves
  An eye of draining (D:10)
  21 ogres
  14 centaurs
  26 crocodiles
  12 bullfrogs
  A wyvern zombie (D:14)
  3 scorpions
  4 howler monkeys
  2 electric eels (D:13)
  6 bullfrog zombies
  5 crimson imps
  12 hounds
  28 orc priests
  5 bullfrog skeletons
  3 jellies
  A centaur skeleton (D:8)
  2 gnoll shamans
  16 orc wizards
  Terence (D:3)
  5 iguanas
  5 hell rats (Lair:5)
  6 worker ants
  A hound zombie (D:9)
  A hound skeleton (D:6)
  Robin (D:3)
  2 worker ant zombies
  38 gnolls
  14 adders
  5 river rats
  3 shadow imps
  An ooze (D:2)
  An adder skeleton (D:7)
  2 adder zombies
  2 worms
  2 dart slugs
  6 leopard geckos
  105 orcs
  A ball python (D:1)
  5 giant cockroaches
  26 goblins
  6 hobgoblins
  33 jackals
  2 quokkas
  14 bats
  5 frilled lizards
  A jackal skeleton (D:6)
  13 kobolds
  4 leopard gecko skeletons
  4 quokka skeletons
  21 rats
  5 fungi
  9 plants
838 creatures vanquished.

Vanquished Creatures (others)
  A wizard (D:14)
  An ice beast (D:11)
  6 fungi
  11 plants
19 creatures vanquished.

Grand Total: 857 creatures vanquished

Notes
Turn   | Place    | Note
-------+----------+-------------------------------------------
     0 | D:1      | Kloppie the Demonspawn Berserker began the quest for the Orb.
     0 | D:1      | Reached XP level 1. HP: 18/18 MP: 1/1
    64 | D:1      | Gained mutation: You are partially covered in slimy green scales. (AC +2) [demonic ancestry]
    64 | D:1      | Reached XP level 2. HP: 24/24 MP: 2/2
   232 | D:1      | Reached skill level 3 in Axes
   385 | D:1      | Gained mutation: You are immune to rotting. [demonic ancestry]
   385 | D:1      | Reached XP level 3. HP: 25/30 MP: 3/3
   565 | D:2      | Found a bloodstained altar of Trog.
   606 | D:2      | Reached ** piety under Trog
   899 | D:2      | Reached XP level 4. HP: 22/38 MP: 4/4
  1235 | D:2      | Found a stormy altar of Qazlal.
  1235 | D:2      | Found a snail-covered altar of Cheibriados.
  1236 | D:2      | Found an ancient bone altar of Kikubaaqudgha.
  1236 | D:2      | Found a sparkling altar of Nemelex Xobeh.
  1238 | D:2      | Found an iron altar of Okawaru.
  1247 | D:2      | Found a white marble altar of Elyvilon.
  1648 | D:3      | Reached skill level 5 in Fighting
  1652 | D:3      | Reached XP level 5. HP: 44/44 MP: 5/5
  2003 | D:3      | Found a glowing drain.
  2007 | Sewer    | Entered a sewer
  2059 | Sewer    | Noticed a crocodile
  2067 | Sewer    | Killed a crocodile
  2067 | Sewer    | Reached skill level 4 in Axes
  2067 | Sewer    | Gained mutation: You may emit foul miasma when damaged in melee. [demonic ancestry]
  2067 | Sewer    | Reached XP level 6. HP: 52/52 MP: 6/6
  2272 | D:3      | Reached skill level 1 in Shields
  2277 | D:3      | Reached *** piety under Trog
  2684 | D:3      | Noticed Robin
  2702 | D:3      | Killed Robin
  2814 | D:3      | Gained mutation: You are mostly covered in slimy green scales. (AC +3) [demonic ancestry]
  2814 | D:3      | Reached XP level 7. HP: 53/57 MP: 7/7
  3103 | D:3      | Reached **** piety under Trog
  3118 | D:3      | Noticed Terence
  3140 | D:3      | Killed Terence
  3583 | D:3      | Reached skill level 5 in Axes
  4492 | D:4      | Reached XP level 8. HP: 49/65 MP: 8/8
  4540 | D:5      | Entered Level 5 of the Dungeon
  4740 | D:5      | Found a staircase to the Ecumenical Temple.
  4882 | D:5      | Reached skill level 6 in Axes
  5365 | D:5      | Found a burning altar of Makhleb.
  5665 | D:6      | Reached ***** piety under Trog
  5876 | D:6      | Received a gift from Trog
  6209 | D:7      | Noticed loom's ghost (novice DECj)
  6220 | D:7      | Killed loom's ghost
  6220 | D:7      | Reached skill level 7 in Axes
  6220 | D:7      | Reached XP level 9. HP: 29/78 MP: 9/9
  6413 | D:7      | Reached skill level 10 in Fighting
  6871 | D:7      | Reached skill level 8 in Axes
  6996 | D:7      | Gained mutation: You sometimes gain a little power by taking damage. [demonic ancestry]
  6996 | D:7      | Reached XP level 10. HP: 52/88 MP: 10/10
  7283 | D:8      | Noticed Psyche
  7371 | D:8      | Killed Psyche
  7475 | D:8      | Received a gift from Trog
  7646 | D:8      | Found Paerph's Antique Armour Boutique.
  7651 | D:8      | Bought a smoking chain mail for 190 gold pieces
  7651 | D:8      | Bought a pair of embroidered gloves for 210 gold pieces
  7666 | D:8      | Identified the +8 chain mail "Tioqafaha" {rPois rCorr Str-5} (You bought it in a shop on level 8 of the Dungeon)
  7879 | D:9      | Found a deep blue altar of Sif Muna.
  7938 | D:9      | Reached skill level 9 in Axes
  7955 | D:9      | Noticed Pikel
  7961 | D:9      | Received a gift from Trog
  7964 | D:9      | Killed Pikel
  7966 | D:9      | Found a staircase to the Lair.
  7981 | D:9      | Got a bloodstained battleaxe {god gift}
  8028 | D:9      | Identified the +1 battleaxe "Diek" {venom, +Rage} (Trog gifted it to you on level 9 of the Dungeon)
  8535 | D:9      | Reached XP level 11. HP: 93/98 MP: 11/11
  8603 | D:10     | Entered Level 10 of the Dungeon
  8840 | D:10     | Noticed a hill giant
  8852 | D:10     | Killed a hill giant
  9096 | Lair:1   | Entered Level 1 of the Lair of Beasts
  9215 | Lair:1   | Reached skill level 5 in Armour
  9225 | Lair:1   | Reached skill level 10 in Axes
  9685 | Lair:1   | Noticed an eight-headed hydra
  9693 | Lair:1   | Killed an eight-headed hydra
 10303 | Lair:2   | Found a staircase to the Snake Pit.
 10322 | Lair:2   | Received a gift from Trog
 10322 | Lair:2   | Gained mutation: You have sharp toenails. [demonic ancestry]
 10322 | Lair:2   | Reached XP level 12. HP: 98/105 MP: 12/12
 10865 | Lair:2   | Noticed Gastronok
 10879 | Lair:2   | Killed Gastronok
 10881 | Lair:2   | Paralysed by fainting for 10 turns
 11049 | Lair:2   | Reached skill level 11 in Axes
 11792 | Lair:3   | Noticed Blank's ghost (journeyman MiGl)
 11806 | Lair:3   | Reached skill level 10 in Armour
 11818 | Lair:3   | Killed Blank's ghost
 12589 | Lair:3   | Noticed a six-headed hydra
 12608 | Lair:3   | Killed a six-headed hydra
 12670 | Lair:3   | Found a staircase to the Shoals.
 13492 | Lair:4   | Gained mutation: You sometimes gain power by taking damage. [demonic ancestry]
 13492 | Lair:4   | Reached XP level 13. HP: 111/111 MP: 7/13
 14568 | Lair:5   | Reached skill level 12 in Axes
 15182 | Lair:6   | Entered Level 6 of the Lair of Beasts
 15686 | D:11     | Received a gift from Trog
 16397 | D:12     | Found a staircase to the Orcish Mines.
 16476 | D:12     | Noticed Peloso's ghost (journeyman MiFi)
 16505 | D:12     | Killed Peloso's ghost
 17620 | D:13     | Found a gate to the Vaults.
 18496 | D:14     | Reached skill level 13 in Axes
 18657 | D:14     | Noticed Rupert
 18672 | D:14     | Killed Rupert
 18672 | D:14     | Reached XP level 14. HP: 83/119 MP: 14/14
 18871 | D:14     | Noticed Frances
 18889 | D:14     | Killed Frances
 19047 | D:14     | Reached skill level 14 in Axes
 19293 | D:14     | Found a bloodstained altar of Trog.
 19414 | Orc:1    | Entered Level 1 of the Orcish Mines
 19433 | Orc:1    | Received a gift from Trog
 20631 | Lair:6   | Reached skill level 15 in Axes
 20916 | Lair:6   | Found a runed door.
 20918 | Lair:6   | Found a viscous altar of Jiyva.
 20919 | Lair:6   | Found a staircase to the Slime Pits.
 20951 | Lair:6   | Paralysed by a hornet for 3 turns
 20958 | Lair:6   | Paralysed by a hornet for 2 turns
 21379 | Lair:6   | Reached skill level 16 in Axes
 21413 | Lair:6   | Got a spiked plate armour
 21678 | Lair:6   | Identified the +8 plate armour of Dawn {+Inv Dex+2} (You found it on level 6 of the Lair of Beasts)
 21912 | Orc:2    | Entered Level 2 of the Orcish Mines
 21914 | Orc:2    | Received a gift from Trog
 22295 | Orc:2    | Gained mutation: You have razor-sharp toenails. [demonic ancestry]
 22295 | Orc:2    | Reached XP level 15. HP: 125/125 MP: 5/15
 22417 | Orc:2    | Found a staircase to the Elven Halls.
 22705 | Orc:2    | Noticed Saint Roka
 22737 | Orc:2    | Killed Saint Roka
 22985 | Orc:2    | Found Iteynlie's Distillery.
 22999 | Orc:2    | Gained mutation: Your magical capacity is low. (-10% MP) [a neqoxec]
 23018 | Orc:2    | Bought a potion of resistance for 140 gold pieces
 23193 | Orc:2    | Found a roughly hewn altar of Beogh.
 23213 | Orc:2    | Found Tuathoa's Magic Scroll Emporium.
 23345 | Orc:2    | Reached ****** piety under Trog
 23398 | Orc:2    | Received a gift from Trog
 23442 | Orc:2    | Found a roughly hewn altar of Beogh.
 23537 | Orc:2    | Found Gukus's General Store.
 23562 | Orc:2    | Found Nyoroarch's Book Shoppe.
 23588 | Orc:2    | Paralysed by an orc sorcerer for 4 turns
 24086 | Orc:2    | Noticed TheMardin's ghost (journeyman HOFi)
 24107 | Orc:2    | Killed TheMardin's ghost
 24370 | D:15     | Entered Level 15 of the Dungeon
 24416 | D:15     | Noticed Harold
 24422 | D:15     | Noticed Louise
 24424 | D:15     | Noticed Urug
 24440 | D:15     | Killed from afar by an ogre mage

Skill      XL: |  1  2  3  4  5  6  7  8  9 10 11 12 13 14 15 |
---------------+----------------------------------------------+-----
Axes           | 3 4 5 7 8 9 10 11 13 16 | 16.2
Fighting       | 4 5 6 9 11 13 14 | 14.0
Shields        | 2 4 |  4.0
Armour         | 2 7 11 13 | 13.2
Dodging        | 4 |  4.9

Action                   |  1- 3 |  4- 6 |  7- 9 | 10-12 | 13-15 || total
-------------------------+-------+-------+-------+-------+-------++-------
Melee: Hand axe          |   101 |   267 |   357 |   415 |       ||  1140
       Flail             |       |       |       |    24 |     8 ||    32
       War axe           |       |       |       |    73 |   388 ||   461
       Broad axe         |       |       |       |   187 |   994 ||  1181
       Demon whip        |       |       |       |       |     7 ||     7
Invok: Berserk           |     3 |     7 |     5 |     8 |    17 ||    40
       Trog's Hand       |       |     3 |     1 |     6 |    10 ||    20
  Use: Potion            |       |     1 |     1 |     3 |     4 ||     9
       Scroll            |       |       |    15 |    10 |     5 ||    30
 Stab: Distracted        |       |       |       |     1 |       ||     1
       Petrified         |       |       |       |       |     4 ||     4
  Eat: Chunk             |     2 |    11 |    12 |    18 |    55 ||    98
       Meat ration       |       |     1 |     1 |     2 |       ||     4
       Beef jerky        |       |     1 |       |       |       ||     1
       Bread ration      |       |       |       |     1 |       ||     1
Armor: Animal skin       |    11 |       |       |       |       ||    11
       Ring mail         |    26 |   118 |   125 |    22 |   160 ||   451
       Skin              |       |       |     1 |       |       ||     1
       Chain mail        |       |       |       |   387 |       ||   387
       Plate armour      |       |       |       |       |   314 ||   314
       Scale mail        |       |       |       |       |   143 ||   143
Dodge: Dodged            |    77 |   163 |   169 |   231 |   785 ||  1425
Block: Buckler           |       |    30 |    72 |   169 |   324 ||   595
